 Dungeon Crawl Stone Soup version bcrawl-1.41.1 (webtiles) character file.

Game seed: 689817112509927029

117372 Grimmash the Sneak (level 4, -3/46 HPs)
             Began as an Ent Archaeologist on Apr 20, 2024.
             Slain by a worm (7 damage)
             ... in a sewer.
             The game lasted 00:03:27 (2814 turns).

Grimmash the Sneak (Ent Archaeologist)              Turns: 2814, Time: 00:03:27

Health: -3/46      AC: 12    Str: 18    XL:     4   Next: 81%
Magic:  5/5        EV: 10    Int: 16    God:
Gold:   260        SH:  0    Dex:  8    Spells: 5/5 levels left

rFire    . . .     GDR:     29% a - +0 whip
rCold    . . .     SeeInvis .   (no shield)
rNeg     + + +     Gourm    .   (armour unavailable)
rPois    +         Faith    .   c - +1 hat
rElec    .         Spirit   .   (no cloak)
rCorr    .         Reflect  .   (gloves unavailable)
MR       .....                  (boots unavailable)
Stlth    ++........             (no amulet)
HPRegen  0.17/turn              (no ring)
MPRegen  0.09/turn              (no ring)

@: very slow
A: large, slow actions, passwall, strong branches, negative energy resistance 3,
poison resistance, slow metabolism 1, torment resistance, unbreathing, AC +11
a: Passwall


You were in a sewer.
You were hungry.

You visited 1 branch of the dungeon, and saw 3 of its levels.
You also visited: Sewer.

You collected 260 gold pieces.

Inventory:

Hand Weapons
 a - a +0 whip (weapon)
 b - a +0 blowgun
Missiles
 d - 6 curare-tipped needles
 n - 65 large rocks (quivered)
Armour
 c - a +1 hat (worn)
Wands
 x - a wand of disintegration (17)
Scrolls
 g - a scroll of revelation
 i - 2 scrolls of identify
 l - 5 scrolls of fear {unknown}
 o - a scroll of enchant weapon {unknown}
 p - 2 scrolls of blinking {unknown}
 r - a scroll of fog {unknown}
 t - a scroll of amnesia {unknown}
 u - 10 scrolls of teleportation {unknown}
Potions
 h - 2 potions of brilliance {unknown}
 j - a potion of curing {unknown}
 k - 2 potions of haste {unknown}
 m - a potion of cancellation {unknown}
 s - 4 potions of flight
 v - a potion of heal wounds {unknown}
 w - a potion of lignification {unknown}
Miscellaneous
 f - a dusty tome
Comestibles
 e - a ration {!d}


   Skills:
 * Level 2.0 Fighting
 * Level 3.0 Maces & Flails
 * Level 3.8 Dodging
 + Level 4.1 Stealth
 * Level 1.1 Spellcasting


You had 5 spell levels left.
You didn't know any spells.
Your spell library was empty.

Dungeon Overview and Level Annotations

Branches:
Dungeon (3/12)

Altars:
Elyvilon
Xom


Innate Abilities, Weirdness & Mutations

You move and act slowly.
You can pass through walls and trees.
Your branches can wield two-handed weapons with a shield.
Your thick bark is tough. (AC +11)
You are too large for most types of armour.
You are immune to negative energy. (rN+++)
Your system is resistant to poisons. (rPois)
You have a slow metabolism.
You are immune to unholy pain and torment.
You can survive without breathing.


Message History

The worm is moderately wounded.
The worm bites you.
* * * LOW HITPOINT WARNING * * *
You hit the worm but do no damage.
The worm is moderately wounded.
The worm bites you.
* * * LOW HITPOINT WARNING * * *
You hit the worm.
The worm is heavily wounded.
No path to travel!
You hit the worm.
The worm is severely wounded.
The worm bites you but does no damage.
No path to travel!
No path to travel!
Okay, then.
You enter the shallow water.
Moving in this stuff is going to be slow.
The worm bites you!
You die...

≈≈≈≈≈≈≈≈≈≈≈≈≈≈ ≈≈≈≈≈≈
≈≈≈≈≈≈≈≈≈≈≈≈≈≈ ≈≈≈≈≈≈
≈≈.≈≈≈≈≈≈≈≈≈.≈ .≈.≈.≈
.≈≈.≈≈≈≈≈### ####≈ ≈÷≈.##≈≈≈# #≈
..####.≈.#######################≈
### #≈≈≈≈.≈.≈≈≈.≈.≈.≈≈≈≈≈≈≈≈≈≈≈≈
..####.≈≈≈≈≈≈≈≈≈≈≈≈≈≈≈≈≈≈≈≈≈≈≈≈≈≈
....##≈≈≈≈≈≈≈≈ww@≈≈≈≈.≈≈.≈.≈≈≈≈≈≈
...###≈≈≈#######################≈
#### #≈≈≈# ###### ###### #≈ #.≈≈#
#....# #....# #.
#≈≈≈#####''#####''##### #≈
#.≈≈≈≈...............∩# #≈
#.≈≈≈≈≈..............∩# #≈
#≈≈≈#####''#####''##### #≈ #≈≈≈#
#.[..# #....# #≈


You could see 2 worms.

Vanquished Creatures
  A hound (D:2)
  An adder (Sewer)
  3 oozes (Sewer)
  2 worms
  A dart slug (D:2)
  3 leopard geckos
  5 giant cockroaches
  4 goblins
  6 hobgoblins
  4 jackals (Sewer)
  A ball python (Sewer)
  9 bats
  9 frilled lizards
  9 kobolds
  5 rats
63 creatures vanquished.

Notes
Turn   | Place    | Note
-------+----------+-------------------------------------------
     0 | D:1      | Grimmash the Ent Archaeologist began the quest for the Orb.
     0 | D:1      | Reached XP level 1. HP: 21/21 MP: 1/1
   386 | D:1      | Reached XP level 2. HP: 16/29 MP: 2/2
  1372 | D:2      | Reached skill level 4 in Stealth
  1372 | D:2      | Reached XP level 3. HP: 20/37 MP: 2/4
  1483 | D:2      | Reached skill level 1 in Spellcasting
  1586 | D:2      | Reached XP level 4. HP: 46/46 MP: 5/5
  2171 | D:3      | Found a shimmering altar of Xom.
  2171 | D:3      | Found a white marble altar of Elyvilon.
  2205 | D:3      | Found a glowing drain.
  2257 | Sewer    | Entered a sewer
  2814 | Sewer    | Slain by a worm

Skill      XL: |  1  2  3  4 |
---------------+-------------+-----
Dodging        | 3 |  3.8
Maces & Flails | 2 3 |  3.0
Stealth        | 4 |  4.1
Spellcasting   | 1 |  1.1
Fighting       | 2 |  2.0

Action                   |  1- 3 |  4- 6 || total
-------------------------+-------+-------++-------
Melee: Whip              |   166 |   147 ||   313
  Use: Potion            |       |     1 ||     1
 Stab: Sleeping          |     4 |     4 ||     8
  Eat: Chunk             |     6 |     7 ||    13
Armor: Skin              |   115 |   163 ||   278
Dodge: Dodged            |   134 |   160 ||   294
